 Dungeon Crawl Stone Soup version 0.30-a0-1053-gbd8d5ba0ad (webtiles) character file.

Game seed: 18418023710713730280

81 Newt the Trooper (level 4, -4/37 HPs)
             Began as a Demonspawn Gladiator on Apr 11, 2023.
             Slain by Crazy Yiuf
             ... wielding a +2 quarterstaff of chaos
              (5 damage)
             ... on level 2 of the Dungeon.
             The game lasted 00:01:36 (2288 turns).

Newt the Trooper (Demonspawn Gladiator)             Turns: 2288, Time: 00:01:36

Health: -4/37      AC:  7    Str: 17    XL:     4   Next: 19%
Magic:  4/4        EV: 12    Int:  9    God:
Gold:   131        SH:  0    Dex: 14    Spells: 3/3 levels left

rFire   . . .      SeeInvis .    a - +0 rapier
rCold   . . .      Faith    .    (no shield)
rNeg    . . .      Spirit   .    b - +0 leather armour
rPois   .          Reflect  .    c - +1 helmet
rElec   .          Rampage  .    (no cloak)
rCorr   .                        (no gloves)
Will    .....                    (no boots)
Stlth   +                        (no amulet)
HPRegen 0.26/turn                (no ring)
MPRegen 0.09/turn                (no ring)

@: lethally poisoned (-4 -> -14), about to teleport
A: slimy green scales 1
a: no special abilities


You were on level 2 of the Dungeon.
You visited 1 branch of the dungeon, and saw 2 of its levels.

You collected 131 gold pieces.

Inventory:

Hand Weapons
 a - a +0 rapier (weapon)
 p - a +1 hammer of protection
Missiles
 e - a javelin (quivered)
 l - 3 poisoned darts
Armour
 b - a +0 leather armour (worn)
 c - a +1 helmet (worn)
Jewellery
 n - a +4 ring of protection
Scrolls
 f - 2 scrolls of teleportation
 j - a scroll of identify
 k - a scroll of amnesia
Potions
 g - a potion of berserk rage {unknown}
 h - a potion of heal wounds {unknown}
 i - a potion of lignification {unknown}
 m - a potion of attraction {unknown}
 o - a potion of flight {unknown}


   Skills:
 - Level 4.0 Fighting
 + Level 3.3 Short Blades
 - Level 1.7 Throwing
 - Level 2.6 Dodging


You had 3 spell levels left.
You didn't know any spells.
Your spell library contained the following spells:

 Spells                   Type           Power      Damage    Failure   Level
 Magic Dart               Conj           0%         1d3       45%         1
 Call Imp                 Summ           0%         N/A       58%         2
 Mephitic Cloud           Conj/Pois/Air  0%         N/A       83%         3


Dungeon Overview and Level Annotations

Branches:
Dungeon (2/15)

Altars:

Annotations:
D:2 Crazy Yiuf


Innate Abilities, Weirdness & Mutations

You are partially covered in slimy green scales. (AC +2)


Message History

Found a hammer.
You see here a +0 hammer.
No reachable target in view!
You see here a +1 hammer of protection.
p - a +1 hammer of protection Crazy Yiuf laughs, "Shower testudinal tired!"
You see here a +0 hammer.
You see here a +0 hammer.
Found three hammers.
You see here a +0 hammer.
You open the door.
Throw: 3 throwing nets
Press: ? - help, Q - select action, (/) - cycle Shift-Dir - straight line, f - Crazy Yiuf
Aim: Crazy Yiuf, wielding a +2 quarterstaff of chaos and wearing a +0 cloak (64% to hit)
You throw a throwing net.
The throwing net barely misses Crazy Yiuf.
Crazy Yiuf barely misses you.
Throw: 2 throwing nets
Press: ? - help, Q - select action, (/) - cycle Shift-Dir - straight line, f/p - Crazy Yiuf
Aim: Crazy Yiuf, wielding a +2 quarterstaff of chaos and wearing a +0 cloak (64% to hit)
You throw a throwing net.
The throwing net barely misses Crazy Yiuf.
Crazy Yiuf hits you with a +2 quarterstaff of chaos.
Crazy Yiuf burns you.
Throw: throwing net
Press: ? - help, Q - select action, (/) - cycle Shift-Dir - straight line, f/p - Crazy Yiuf
Aim: Crazy Yiuf, wielding a +2 quarterstaff of chaos and wearing a +0 cloak (64% to hit)
You throw a throwing net.
The throwing net closely misses Crazy Yiuf.
Crazy Yiuf hits you with a +2 quarterstaff of chaos!
You are poisoned.
As you read the scroll of teleportation, it crumbles to dust.
You feel strangely unstable.
You feel very sick. Crazy Yiuf barely misses you.
Crazy Yiuf attacks as you move away!
Crazy Yiuf hits you with a +2 quarterstaff of chaos!
* * * LOW HITPOINT WARNING * * *
Crazy Yiuf burns you.
You die...

#.# #.##.###
###
#......#####
#...........
### #####
#....#.#####
..# #)()#
#......# #
#.# #)))#
#....### #
#.# )))
#.#### # ..#
#g# #.# ##
### #@## #'##
#. #### ##)#
#..## #.
###..# #)##
#...## #. #
#...## ##.#
#....## ##.
#######.#.#
##)##
#.....####..
..........##
##..)#
#.....+.....
#######.#..#
#....#
#.....####..
# #.####
##..##
#....## ##. #
#....##
#....###...##
#.


You could see Crazy Yiuf.

Vanquished Creatures
  3 adders (D:2)
  An ufetubus (D:2)
  A worm (D:2)
  4 ball pythons
  5 endoplasms
  2 giant cockroaches (D:2)
  4 goblins
  6 hobgoblins
  4 jackals (D:1)
  3 kobolds
  3 quokkas
  A frilled lizard (D:1)
  3 rats
40 creatures vanquished.

Notes
Turn   | Place    | Note
-------+----------+-------------------------------------------
     0 | D:1      | Newt the Demonspawn Gladiator began the quest for the Orb.
     0 | D:1      | Reached XP level 1. HP: 16/16 MP: 1/1
   154 | D:1      | Gained mutation: You are partially covered in slimy green
                  | scales. (AC +2) [demonic ancestry]
   154 | D:1      | Reached XP level 2. HP: 21/23 MP: 2/2
   236 | D:1      | Reached skill level 3 in Fighting
   274 | D:1      | Found Diov's Magic Scroll Boutique.
   861 | D:2      | Reached XP level 3. HP: 26/29 MP: 3/3
  1577 | D:2      | Reached skill level 4 in Fighting
  1785 | D:2      | Reached XP level 4. HP: 36/37 MP: 4/4
  2276 | D:2      | Found a runed translucent door.
  2277 | D:2      | Noticed Crazy Yiuf
  2288 | D:2      | HP: 1/37 [Crazy Yiuf/+2 quarterstaff of chaos (16)]
  2288 | D:2      | Slain by Crazy Yiuf

Illustrated notes

Levels and vault maps discovered:
D:1:      minmay_arrival_checkered_box, layout_basic, serial_shops,
          nicolae_shop_statue_plus, serial_bayou_pond_d
D:2:      layout_loops_corners, hangedman_abyss_or_decor_lesser_grid,
          uniq_crazy_yiuf_cottage

Skill      XL: |  1  2  3 |
---------------+----------+-----
Fighting       | 3 4 |  4.0
Short Blades   | 3 |  3.3
Throwing       | |  1.7
Dodging        | |  2.6

Action                     |  1- 3 |  4- 6 || total
---------------------------+-------+-------++-------
  Melee: Rapier            |   142 |    19 ||   161
         Punch             |     2 |       ||     2
  Throw: Throwing net      |     1 |     3 ||     4
    Use: Scroll            |     7 |     1 ||     8
 Armour: Leather armour    |    67 |     6 ||    73
  Dodge: Dodged            |   114 |    11 ||   125

Table legend: (Time is in decaauts)
 A = Elapsed time spent in this place.
 B = Non-inter-level travel time spent in this place.
 C = Inter-level travel time spent in this place.
 D = Time resting spent in this place.
 E = Time spent auto-exploring this place.
 F = Levels seen in this place.
 G = Mean time per level.
                   A        B        C        D        E       F      G
               +--------+--------+--------+--------+--------+-----+--------+
         Total |   2300 |   2279 |     21 |    403 |   1555 |   2 | 1150.0 |
       Dungeon |   2300 |   2279 |     21 |    403 |   1555 |   2 | 1150.0 |
               +--------+--------+--------+--------+--------+-----+--------+

Top non-repeatable levels by time:
     D:2: 1533 daAuts
     D:1: 766 daAuts
